 Dungeon Crawl Stone Soup version 0.27.1-33-g824d729ab1 (webtiles) character file.

Game seed: 15230497118216188765

635 styxcanada the Covert (level 7, -2/35 HPs)
             Began as a Spriggan Brigand on Dec 12, 2021.
             Killed from afar by Dowan (11 damage)
             ... with a puff of flame
             ... on level 4 of the Dungeon.
             The game lasted 00:19:32 (5602 turns).

styxcanada the Covert (Spriggan Brigand)            Turns: 5602, Time: 00:19:33

Health: -2/35      AC:  4    Str:  7    XL:     7   Next: 25%
Magic:  8/8        EV: 18    Int: 13    God:
Gold:   221        SH:  5    Dex: 18    Spells: 6/6 levels left

rFire    . . .     SeeInvis +   a - +3 dagger
rCold    . . .     Faith    .   i - +0 buckler
rNeg     . . .     Spirit   .   b - +0 robe
rPois    .         Reflect  .   (helmet restricted)
rElec    .         Harm     .   c - +1 cloak
rCorr    .         Rampage  .   (gloves unavailable)
Will     +....                  (boots unavailable)
Stlth    ++++......             (no amulet)
HPRegen  0.11/turn              (no ring)
MPRegen  0.11/turn              (no ring)

@: very quick
A: very small, no large weapons, unfitting armour, see invisible, speed 3
a: no special abilities


You were on level 4 of the Dungeon.
You visited 1 branch of the dungeon, and saw 4 of its levels.

You collected 221 gold pieces.

Inventory:

Hand Weapons
 a - a +3 dagger (weapon)
Missiles
 e - 2 curare-tipped darts
 f - 177 stones
 k - 4 boomerangs
 m - 3 poisoned darts (quivered)
 o - 31 sling bullets
 v - 5 atropa-tipped darts
Armour
 b - a +0 robe (worn)
 c - a +1 cloak (worn)
 i - a +0 buckler (worn)
Wands
 n - a wand of flame (18)
 w - a wand of paralysis (6)
Scrolls
 r - a scroll of amnesia
 s - a scroll of brand weapon {unknown}
Potions
 d - a potion of might
 g - a potion of haste
 h - 2 potions of curing
 j - a potion of mutation {unknown}
 t - 3 potions of resistance {unknown}
 u - a potion of attraction {unknown}


   Skills:
 * Level 2.9 Fighting
 + Level 3.5 Short Blades
 + Level 3.2 Throwing
 * Level 4.1 Dodging
 * Level 9.4 Stealth
 * Level 2.7 Evocations


You had 6 spell levels left.
You didn't know any spells.
Your spell library was empty.

Dungeon Overview and Level Annotations

Branches:
Dungeon (4/15)
 Temple: D:4-7

Altars:
Dithmenos
Sif Muna

Annotations:
D:4 Dowan, Duvessa


Innate Abilities, Weirdness & Mutations

You are very small and have problems with some larger weapons.
You are too small for most types of armour.
You have supernaturally acute eyesight. (SInv)
You cover ground extremely quickly. (Speed+++)


Message History

Throw: 6 darts (poison)
Press: ? - help, Q - select action, (/) - cycle Shift-Dir - straight line, f/p - Duvessa
Aim: Duvessa, wielding a +0 rapier of venom and wearing a +2 ring mail of poison resistance (lightly wounded, 70% to hit)
You throw a poisoned dart. The poisoned dart hits Duvessa!
Duvessa is poisoned.
Duvessa is lightly wounded.
Duvessa gestures with her weapon.
Throw: 5 darts (poison)
Press: ? - help, Q - select action, (/) - cycle Shift-Dir - straight line, f/p - Duvessa
Aim: Duvessa, wielding a +0 rapier of venom and wearing a +2 ring mail of poison resistance (lightly wounded, very poisoned, 70% to hit)
You throw a poisoned dart. The poisoned dart hits Duvessa!
Duvessa looks as sick as possible!
Duvessa is lightly wounded.
Throw: 4 darts (poison)
Press: ? - help, Q - select action, (/) - cycle Shift-Dir - straight line, f/p - Duvessa
Aim: Duvessa, wielding a +0 rapier of venom and wearing a +2 ring mail of poison resistance (moderately wounded, very poisoned, 70% to hit)
You throw a poisoned dart. The poisoned dart hits Duvessa.
Duvessa looks as sick as possible!
Duvessa is moderately wounded.
m - 4 poisoned darts (gained 1)
You see here a poisoned dart.
Throw: 4 darts (poison)
Press: ? - help, Q - select action, (/) - cycle Shift-Dir - straight line, f - Dowan
Aim: Dowan, wielding a +0 dagger of holy wrath and wearing a +0 robe (wandering, hasn't noticed you, 53% to hit)
You throw a poisoned dart. The poisoned dart hits Dowan!
Dowan is poisoned.
Dowan shouts!
Dowan gestures at you while chanting. The puff of frost misses you.
You see here a poisoned dart.
m - 4 poisoned darts (gained 1) Dowan says, "Stay away from my face!"
Dowan gestures at you while chanting. The puff of flame hits you!
* * * LOW HITPOINT WARNING * * *
Throw: 4 darts (poison)
Press: ? - help, Q - select action, (/) - cycle Shift-Dir - straight line, f/p - Dowan
Aim: Dowan, wielding a +0 dagger of holy wrath and wearing a +0 robe (lightly wounded, very poisoned, 53% to hit)
You throw a poisoned dart. The poisoned dart closely misses Dowan.
Dowan casts a spell at you. The puff of flame hits you!
You die...

#######.####.###.##...
####(. #.###.##
##.####. #(.# #.##.##
##.# #.#(# #.###.##
##.######.##.# #.#
#..###......... #.#
#.# #.#.#.#########
#.# #.# #.##.##
########.# #.#
#.########..).)()..
#.#
#.@...(e((.(.######
#.# ##########.###
#.## #.# #..# #.# ##.#
#.# #.# #.########
######### #.#
#.........
........####.#
#########.
#######......#
........


You could see Dowan (very poisoned).

Vanquished Creatures
  An orc warrior (D:4)
  An ogre (D:4)
  A scorpion (D:2)
  A jelly (D:4)
  An orc priest (D:4)
  A hound (D:3)
  A gnoll shaman (D:4)
  Natasha (thrice) (D:4)
  A hound skeleton (D:4)
  7 gnolls
  4 adders
  3 adder skeletons (D:4)
  4 dart slugs
  5 orcs (D:4)
  9 bats
  5 endoplasms
  3 giant cockroaches
  6 goblins
  9 hobgoblins
  8 kobolds
  3 quokkas
  7 ball pythons
  5 frilled lizards
  3 rats
92 creatures vanquished.

Notes
Turn   | Place    | Note
-------+----------+-------------------------------------------
     0 | D:1      | styxcanada the Spriggan Brigand began the quest for the
                  | Orb.
     0 | D:1      | Reached XP level 1. HP: 10/10 MP: 2/2
    39 | D:1      | Reached skill level 6 in Stealth
   184 | D:1      | Reached XP level 2. HP: 14/14 MP: 3/3
   186 | D:1      | Found a faded altar of an unknown god.
   736 | D:2      | Noticed a scorpion
   790 | D:2      | Killed a scorpion
   791 | D:2      | Reached skill level 7 in Stealth
   791 | D:2      | Reached XP level 3. HP: 11/18 MP: 4/4
   791 | D:2      | Reached XP level 4. HP: 14/23 MP: 5/5
  1302 | D:2      | Found a shimmering blue altar of Sif Muna.
  1400 | D:2      | Reached skill level 8 in Stealth
  2141 | D:3      | Reached XP level 5. HP: 22/26 MP: 6/6
  2464 | D:3      | Found a shadowy altar of Dithmenos.
  3084 | D:3      | Reached skill level 1 in Evocations
  3628 | D:4      | Reached XP level 6. HP: 25/30 MP: 7/7
  4414 | D:4      | Noticed Dowan
  4417 | D:4      | Reached skill level 9 in Stealth
  4418 | D:4      | Noticed Duvessa
  4883 | D:4      | Noticed Natasha
  4902 | D:4      | Killed Natasha
  5077 | D:4      | Noticed Natasha
  5125 | D:4      | Killed Natasha
  5449 | D:4      | Noticed an orc warrior
  5452 | D:4      | Reached XP level 7. HP: 35/35 MP: 8/8
  5453 | D:4      | Noticed Natasha
  5476 | D:4      | Killed Natasha
  5602 | D:4      | Killed from afar by Dowan

Illustrated notes

Levels and vault maps discovered:
D:1:      scummos_arrival_star, layout_loops_ring,
          hellmonk_ecumenical_altar_run_dry, grunt_decor_mini_mirrors
D:2:      layout_loops_corners, basic_altar
D:3:      layout_loops_ring, amcnicky_altar_gilded, minmay_joined_circles
D:4:      layout_loops_ring, gammafunk_temple_overflow_wave, uniq_natasha,
          uniq_duvessa

Skill      XL: |  1  2  3  4  5  6 |
---------------+-------------------+-----
Stealth        | 6 7 8 9 |  9.4
Dodging        | 2 3 4 |  4.1
Fighting       | 2 |  2.9
Evocations     | 1 2 |  2.7
Short Blades   | 3 |  3.5
Throwing       | 3 |  3.2

Action                   |  1- 3 |  4- 6 |  7- 9 || total
-------------------------+-------+-------+-------++-------
Melee: Dagger            |    39 |   254 |    18 ||   311
Throw: Dart              |     7 |    79 |    17 ||   103
Evoke: Wand              |       |     5 |       ||     5
  Use: Scroll            |       |     8 |       ||     8
       Potion            |       |     2 |       ||     2
 Stab: Sleeping          |    10 |    14 |     1 ||    25
       Distracted        |       |     2 |       ||     2
       Paralysed         |       |     1 |       ||     1
Armor: Robe              |     3 |    25 |       ||    28
Dodge: Dodged            |    23 |   174 |     8 ||   205
Block: Buckler           |       |    10 |     2 ||    12
